[Event "Titled Tuesday Blitz May 10 Early 2022"]
[White "Melikhov, Evgeny V."]
[Black "Martic, Ivan"]
[WhiteFideId "4122046"]
[BlackFideId "929301"]
[WhiteElo "1931"]
[BlackElo "2317"]
[Result "0-1"]
[Round "06"]
[TimeControl "180+1"]
[Date "2022.05.11"]
[WhiteClock "0:00:05"]
[BlackClock "0:00:09"]

1. d4 d5 2. c4 c6 3. Nc3 Nf6 4. e3 a6 5. c5 b6 6. cxb6 Nbd7 7. Nf3 Qxb6 8. Na4 Qb8 9. Bd2 e6 10. Rc1 Bb7 11. Qb3 Bd6 12. Be2 a5 13. O-O O-O 14. Rc2 Ne4 15. h3 Rc8 16. Rfc1 Nxd2 17. Nxd2 e5 18. dxe5 Bxe5 19. Nc5 Nxc5 20. Rxc5 Bd6 21. R5c2 a4 22. Qc3 a3 23. b4 g6 24. Nb3 Ba6 25. Nc5 Bxe2 26. Rxe2 Qa7 27. e4 Bf8 28. e5 Bg7 29. Qf3 Re8 30. e6 Bb2 31. Rce1 Rf8 32. e7 Rfe8 33. Qg4 Bc3 34. Rc1 Bf6 35. Qd7 Qxd7 36. Nxd7 Bxe7 37. Rxc6 Bg5 38. Rxe8+ Rxe8 39. b5 Re1+ 40. Kh2 Re2 41. Kg3 Rxa2 42. b6 Rb2 43. Rc8+ Kg7 44. Ra8 a2 45. Rxa2 Rxa2 46. b7 Rb2 47. b8=Q Rxb8 48. Nxb8 Kf6 49. Nc6 Ke6 50. Nd4+ Ke5 51. Nf3+ Kf5 52. Nd4+ Ke4 53. Nc6 Bf4+ 54. Kg4 f5+ 55. Kh4 d4 56. f3+ Kd5 57. Nb4+ Kc4 58. Nc2 d3 59. Ne1 d2 0-1


[Site "https://www.chess.com"]

[Event "Titled Tuesday Blitz May 10 Early 2022"]
[White "Mica, Marek"]
[Black "Tania, Sachdev"]
[WhiteFideId "382884"]
[BlackFideId "5007844"]
[WhiteElo "2100"]
[BlackElo "2280"]
[Result "0-1"]
[Round "06"]
[TimeControl "180+1"]
[Date "2022.05.11"]
[WhiteClock "0:00:13"]
[BlackClock "0:00:36"]

1. Nf3 Nf6 2. g3 b6 3. Bg2 Bb7 4. O-O e6 5. d4 c5 6. c4 cxd4 7. Qxd4 Nc6 8. Qf4 Be7 9. b3 d6 10. Rd1 Qc7 11. Ba3 e5 12. Qd2 Ne4 13. Qc2 Nc5 14. Nc3 O-O 15. Rd2 a5 16. Rad1 Rad8 17. Nd5 Qb8 18. Nxb6 e4 19. Ne1 Bg5 20. e3 Ne5 21. Bxc5 dxc5 22. Nd5 f5 23. Qc3 Nc6 24. f4 Bh6 25. g4 Nb4 26. gxf5 Nxd5 27. cxd5 Rxf5 28. Bxe4 Rf6 29. Qxc5 Bxf4 30. exf4 Qxf4 31. Rf2 Qg4+ 32. Bg2 Qxd1 33. Rxf6 gxf6 34. Qe7 Qd4+ 35. Kf1 Ba6+ 36. Nd3 Bxd3+ 37. Ke1 Qe5+ 38. Qxe5 fxe5 0-1


[Site "https://www.chess.com"]

[Event "Titled Tuesday Blitz May 10 Early 2022"]
[White "Mikhalsky, Vladimir"]
[Black "Petre, Nad-Titus"]
[WhiteFideId "14144352"]
[BlackFideId "1204165"]
[WhiteElo "2301"]
[BlackElo "2354"]
[Result "1-0"]
[Round "06"]
[TimeControl "180+1"]
[Date "2022.05.11"]
[WhiteClock "0:00:43"]
[BlackClock "0:00:18"]

1. d4 Nf6 2. c4 c5 3. d5 b5 4. cxb5 a6 5. bxa6 Bxa6 6. Nc3 d6 7. Nf3 g6 8. g3 Bg7 9. Bg2 O-O 10. O-O Nbd7 11. Re1 Qa5 12. e4 Rfb8 13. e5 Ne8 14. e6 fxe6 15. dxe6 Nb6 16. Ng5 Bb7 17. Bxb7 Rxb7 18. Qf3 Rab8 19. Qf7+ Kh8 20. Bd2 Nc4 21. Red1 Nxd2 22. Rxd2 Nf6 23. Rad1 Qa6 24. Nd5 Nxd5 25. Rxd5 Rf8 26. Rxd6 exd6 27. e7 Rbb8 28. exf8=Q+ Rxf8 29. Qd5 Qa7 30. Qxd6 Bd4 31. Qxf8# 1-0


[Site "https://www.chess.com"]

[Event "Titled Tuesday Blitz May 10 Early 2022"]
[White "Mikhnenko, Alexander"]
[Black "Sailer, Mike"]
[WhiteFideId "34143014"]
[BlackFideId "2012901"]
[WhiteElo "2117"]
[BlackElo "2109"]
[Result "1-0"]
[Round "06"]
[TimeControl "180+1"]
[Date "2022.05.11"]
[WhiteClock "0:00:11"]
[BlackClock "0:00:08"]

1. e4 d6 2. d4 g6 3. Nc3 Bg7 4. Be3 a6 5. f3 b5 6. Qd2 Bb7 7. O-O-O Nd7 8. h4 h5 9. Nh3 Nb6 10. Ng5 e6 11. d5 Bxc3 12. Qxc3 e5 13. Bxb6 cxb6 14. Qe3 Rc8 15. f4 Nf6 16. Bd3 Ng4 17. Qf3 exf4 18. Qxf4 Ne5 19. Kb1 Qe7 20. Rhf1 Rc7 21. Rd2 Kd8 22. Qe3 Rc5 23. Qd4 Rf8 24. Rdf2 Ke8 25. Nh7 Rh8 26. Ng5 Rf8 27. Rf6 a5 28. b3 b4 29. Ne6 fxe6 30. Rxf8+ Qxf8 31. Rxf8+ Kxf8 32. dxe6 Ke7 33. Qe3 Kxe6 34. Qh6 Bc8 35. Qf8 Kd7 36. Qg7+ Kc6 37. Qg8 Bd7 38. Qa8+ Kc7 39. Ba6 Bc6 40. Qa7+ Kd8 41. Qxb6+ Kd7 42. Bb7 Bxb7 43. Qxb7+ Ke6 44. Qg7 Rc6 45. Qg8+ Ke7 46. g3 Rc5 47. Kb2 Rc3 48. Qa8 Rc5 49. Qa7+ Ke6 50. Qa8 Kf6 51. Qf8+ Ke6 52. Qe8+ Kf6 53. Qh8+ Ke6 54. Qh6 Kf6 55. Qg5+ Ke6 56. Qf4 Rc3 57. a4 Rc5 58. Qf8 Rc3 59. Qa8 Rc5 60. Qb8 Ke7 61. Qg8 Kd7 62. Qg7+ Ke6 63. Qg8+ Ke7 64. Qg7+ Ke6 65. Qa7 Kf6 66. c4 bxc3+ 67. Kc2 Ke6 68. Qb6 Ke7 69. b4 axb4 70. Qxb4 Nc6 71. Qb7+ Ke6 72. Qc8+ Ke5 73. Qe8+ Kd4 74. Qh8+ Kxe4 75. Qe8+ Kd4 76. Qh8+ Kd5 77. Qg8+ Kd4 78. Qg7+ Kc4 79. Qf7+ d5 80. Qf1+ Kb4 81. Qb1+ Kxa4 82. Qb3+ Ka5 83. Qa3+ Kb5 84. Qa8 Nb4+ 85. Kb3 c2 86. Qb7+ Ka5 87. Qxb4+ Ka6 88. Qxc5 1-0


[Site "https://www.chess.com"]

[Event "Titled Tuesday Blitz May 10 Early 2022"]
[White "Molina, Roberto Junio Brito"]
[Black "Hua, Lefong"]
[WhiteFideId "2109450"]
[BlackFideId "2602253"]
[WhiteElo "2432"]
[BlackElo "2612"]
[Result "1-0"]
[Round "06"]
[TimeControl "180+1"]
[Date "2022.05.11"]
[WhiteClock "0:00:10"]
[BlackClock "0:00:06"]

1. d4 Nf6 2. e3 g6 3. Nf3 Bg7 4. b3 O-O 5. Bb2 d6 6. Be2 c5 7. O-O Nc6 8. c4 cxd4 9. Nxd4 Bd7 10. Nc3 Qa5 11. a3 Rfc8 12. b4 Qd8 13. Rc1 a6 14. Qb3 Rab8 15. Rfd1 Qe8 16. Nf3 Bg4 17. h3 Bxf3 18. Bxf3 Nd7 19. Nd5 Bxb2 20. Qxb2 Nce5 21. Be2 e6 22. Nf4 Qe7 23. Qd4 Rc6 24. Nd3 Rbc8 25. Nxe5 Nxe5 26. f4 Nd7 27. Bf3 d5 28. Be2 b6 29. Ra1 Nf6 30. cxd5 exd5 31. Bxa6 Rd8 32. Bb5 Re6 33. Re1 Re4 34. Qd2 d4 35. exd4 Rdxd4 36. Qf2 Qd6 37. Rxe4 Nxe4 38. Qe3 Nd2 39. Qe8+ Kg7 40. Qe5+ Qxe5 41. fxe5 Re4 42. Bd3 Rxe5 43. a4 Nb3 44. Ra3 Nd4 45. a5 bxa5 46. bxa5 Nc6 47. a6 Na7 48. Kf2 Kf6 49. Rb3 Ra5 50. Ke3 Ke5 51. Rb7 Nc6 52. Rxf7 h5 53. Rg7 Ra3 54. Rb7 Kd6 55. Ke4 Ra4+ 56. Ke3 Ra3 57. Kd2 Ne5 58. Be2 Ra2+ 59. Ke3 Ra3+ 60. Kf4 Ra4+ 61. Kg5 Ra2 62. Bf3 Rxa6 63. Rb3 Ke6 64. Be4 Ra5 65. Kh6 Kf6 66. Rb6+ Kf7 67. Bxg6+ Nxg6 68. Rxg6 h4 69. Rg5 Ra4 70. Kh5 Kf6 71. Rg4 Ra2 72. Kxh4 Ra3 73. Rg3 Ra4+ 74. Rg4 Ra3 75. Rf4+ Kg6 76. g3 Ra5 77. Kg4 Kh6 78. h4 Kg6 79. Kh3 Ra3 80. Rg4+ Kh5 81. Rg5+ Kh6 82. Rd5 Ra4 83. Rd6+ Kh5 84. Rd3 Kh6 85. Re3 Kh5 86. Re6 Ra3 87. Re5+ Kg6 88. Rg5+ Kh6 89. Rf5 Rb3 90. Rf4 Ra3 91. Kg4 Rb3 92. Rf6+ Kg7 93. Rc6 Ra3 94. Rd6 Kh7 95. Re6 Kg7 96. h5 Kh7 97. Kh4 Kg7 98. g4 Ra1 99. Kg5 Ra5+ 100. Kf4 Ra4+ 101. Re4 Ra1 102. Kf5 Ra5+ 103. Re5 Ra1 104. Re7+ Kf8 105. Rd7 Ra6 106. g5 Kg8 107. Re7 Ra5+ 108. Re5 Ra1 109. Kf6 Rf1+ 110. Kg6 Rf8 111. Re7 Ra8 112. Re6 Rb8 113. h6 Ra8 114. Kf6 Rb8 115. g6 Kh8 116. Kf7 Rf8+ 117. Ke7 Ra8 118. Rf6 Ra7+ 119. Ke6 Ra6+ 120. Kf5 Ra5+ 121. Kg4 Ra8 122. Kg5 Kg8 123. Rf7 Ra5+ 124. Rf5 Ra8 125. Re5 Rb8 126. Kf6 Rb6+ 127. Kf5 Rb8 128. Rd5 Ra8 129. Ke6 Ra6+ 130. Rd6 Ra8 131. Ke7 Rf8 132. Rd8 Rxd8 133. Kxd8 Kf8 134. Kd7 Kg8 135. Ke6 Kf8 136. Kf6 Kg8 137. g7 Kh7 138. Kf7 Kxh6 139. g8=Q Kh5 140. Qg3 Kh6 141. Qg6# 1-0


[Site "https://www.chess.com"]

[Event "Titled Tuesday Blitz May 10 Early 2022"]
[White "Moskvin, Anatoly"]
[Black "Acosta Cruz, Oscar Yosimar"]
[WhiteFideId "24199990"]
[BlackFideId "5111269"]
[WhiteElo "2079"]
[BlackElo "2147"]
[Result "1-0"]
[Round "06"]
[TimeControl "180+1"]
[Date "2022.05.11"]
[WhiteClock "0:01:37"]
[BlackClock "0:00:34"]

1. e4 c5 2. Nf3 d6 3. d4 cxd4 4. Nxd4 Nf6 5. f3 a6 6. c4 g6 7. Nc3 Bg7 8. Be3 O-O 9. Be2 Nc6 10. Rc1 Bd7 11. O-O Nxd4 12. Bxd4 Bc6 13. Qd2 Qc7 14. Rfd1 Nd7 15. Nd5 Bxd5 16. cxd5 Qd8 17. Bxg7 Kxg7 18. Qc3+ Kg8 19. Qc7 Nc5 20. Qxd8 Rfxd8 21. b4 Nd7 22. Rc7 Rab8 23. Rdc1 Kf8 24. a4 h5 25. g3 f6 26. a5 Kf7 27. Bf1 f5 28. Bh3 Kf6 29. Kf2 Ne5 30. Ke3 Re8 31. R1c2 h4 32. f4 Nf7 33. exf5 gxf5 34. Kd4 hxg3 35. hxg3 e5+ 36. dxe6 Rxe6 37. Bg2 b6 38. Bd5 Nd8 39. Rc8 Rxc8 40. Rxc8 Re8 41. axb6 Re6 42. Rxd8 1-0


[Site "https://www.chess.com"]

[Event "Titled Tuesday Blitz May 10 Early 2022"]
[White "Moussard, Jules"]
[Black "Dubov, Daniil"]
[WhiteFideId "642908"]
[BlackFideId "24126055"]
[WhiteElo "2589"]
[BlackElo "2791"]
[Result "0-1"]
[Round "06"]
[TimeControl "180+1"]
[Date "2022.05.10"]
[WhiteClock "0:00:09"]
[BlackClock "0:00:12"]

1. Nf3 d5 2. g3 g6 3. Bg2 Bg7 4. d4 Nf6 5. O-O O-O 6. Nbd2 c5 7. c3 Nc6 8. dxc5 e5 9. b4 e4 10. Nd4 Ng4 11. N2b3 h5 12. f3 Nge5 13. fxe4 dxe4 14. Bxe4 Bh3 15. Bf4 Bxf1 16. Qxf1 Qe7 17. Qg2 Rad8 18. b5 Nxd4 19. cxd4 Ng4 20. Rd1 Bh6 21. Bxh6 Nxh6 22. d5 Ng4 23. d6 Qe5 24. Rd3 b6 25. cxb6 axb6 26. Bf3 Rxd6 27. Rxd6 Qxd6 28. Bxg4 hxg4 29. Qe4 Qe6 30. Qxe6 fxe6 31. Nd4 Kf7 32. Kf2 Ra8 33. Ke3 Rxa2 34. Ke4 Kf6 35. Kd3 e5 36. Nc6 Rb2 37. Nb8 Ke6 38. Na6 Rxe2 39. Nc7+ Kd6 40. Kxe2 Kxc7 41. Ke3 Kd6 42. Ke4 Ke6 43. Ke3 Kd5 44. Kd3 e4+ 45. Ke3 Ke5 46. Ke2 Kd4 47. Kd2 e3+ 48. Ke2 Ke4 49. Ke1 Kd3 50. Kd1 e2+ 51. Ke1 Ke3 52. h4 gxh3 53. g4 h2 54. g5 h1=Q# 0-1


[Site "https://www.chess.com"]

[Event "Titled Tuesday Blitz May 10 Early 2022"]
[White "Msellek, Ilyass"]
[Black "parintele_chess"]
[WhiteFideId "675938"]
[WhiteElo "2221"]
[BlackElo "2236"]
[Result "1-0"]
[Round "06"]
[TimeControl "180+1"]
[Date "2022.05.11"]
[WhiteClock "0:00:14"]
[BlackClock "0:00:04"]

1. d4 d5 2. Bf4 Nf6 3. e3 g6 4. Nd2 Bg7 5. c4 c5 6. dxc5 O-O 7. Ngf3 Ne4 8. Nxe4 dxe4 9. Qxd8 Rxd8 10. Ne5 Nc6 11. Nxc6 bxc6 12. Rb1 e5 13. Bg3 a5 14. Be2 f6 15. O-O Bf8 16. Rfd1 Be6 17. b3 Bxc5 18. h3 Kf7 19. Kf1 Ke7 20. Bg4 Bxg4 21. hxg4 Rd3 22. g5 Rad8 23. gxf6+ Kxf6 24. Ke2 Bb4 25. Rxd3 exd3+ 26. Kf3 g5 27. Rd1 h5 28. Ke4 d2 29. Bxe5+ Ke6 30. f4 gxf4 31. exf4 Rg8 32. a3 Bxa3 33. Rxd2 Bb4 34. f5+ Ke7 35. Re2 Kf7 36. g3 Rg4+ 37. Kf3 a4 38. bxa4 Rxc4 39. Bb2 Bc3 40. Rc2 Rxa4 41. Bxc3 Ra3 42. Kf4 Ra4+ 43. Kg5 Rg4+ 44. Kxh5 Rxg3 45. Bb2 Rf3 46. Kg4 Rf1 47. Rxc6 Rg1+ 48. Kf3 Rf1+ 49. Ke4 Re1+ 50. Kd3 Rf1 51. f6 Rf5 52. Bd4 Rd5 53. Ke4 Rd7 54. Ra6 Rd8 55. Be5 Kg6 56. Ra7 Rf8 57. Rg7+ Kh6 58. f7 Kh5 59. Kf4 Rxf7+ 60. Rxf7 1-0


[Site "https://www.chess.com"]

[Event "Titled Tuesday Blitz May 10 Early 2022"]
[White "Namitbir Singh Walia"]
[Black "Horak, Martin"]
[WhiteFideId "35071068"]
[BlackFideId "367095"]
[WhiteElo "1565"]
[BlackElo "1997"]
[Result "1-0"]
[Round "06"]
[TimeControl "180+1"]
[Date "2022.05.11"]
[WhiteClock "0:01:31"]
[BlackClock "0:00:53"]

1. d4 Nf6 2. c4 e6 3. g3 d5 4. Bg2 c6 5. Nf3 Bd6 6. O-O Nbd7 7. Qc2 O-O 8. b3 Re8 9. Bb2 e5 10. dxe5 Nxe5 11. Nbd2 dxc4 12. Nxc4 Nxc4 13. Qxc4 Be6 14. Qc2 Be7 15. e4 Nd7 16. Nd4 Bf6 17. Nxe6 Rxe6 18. Rad1 Bxb2 19. Qxb2 Qc7 20. Bh3 Rd6 21. Qc2 Rd8 22. Rxd6 Qxd6 23. Rd1 Ne5 24. Rxd6 Rxd6 25. Bg2 h5 26. f4 Ng4 27. Bf3 1-0


[Site "https://www.chess.com"]

[Event "Titled Tuesday Blitz May 10 Early 2022"]
[White "Navalgund, Niranjan"]
[Black "Khubukshanov, Erdem"]
[WhiteFideId "5030854"]
[BlackFideId "54114527"]
[WhiteElo "2290"]
[BlackElo "2306"]
[Result "0-1"]
[Round "06"]
[TimeControl "180+1"]
[Date "2022.05.11"]
[WhiteClock "0:00:19"]
[BlackClock "0:00:40"]

1. e4 c6 2. Nc3 d5 3. Nf3 Bg4 4. h3 Bxf3 5. Qxf3 e6 6. g3 Nd7 7. Bg2 Ngf6 8. O-O Bb4 9. d3 O-O 10. Qe2 Qa5 11. e5 Bxc3 12. bxc3 Qxc3 13. exf6 Qxa1 14. fxg7 Qxg7 15. Kh2 Rae8 16. f4 f5 17. g4 e5 18. gxf5 exf4 19. Qh5 Nf6 20. Qh4 Re2 21. Rf2 Rxf2 22. Qxf2 Nh5 23. Qe2 f3 24. Qxf3 Qe5+ 25. Kh1 Rxf5 26. Qg4+ Kf7 27. Bh6 Ng3+ 28. Kg1 Ne2+ 29. Kh1 Qa1+ 30. Kh2 Qg1# 0-1


[Site "https://www.chess.com"]

[Event "Titled Tuesday Blitz May 10 Early 2022"]
[White "Nenezic, Marko"]
[Black "Xu, Yi"]
[WhiteFideId "912123"]
[BlackFideId "8605564"]
[WhiteElo "2457"]
[BlackElo "2471"]
[Result "1-0"]
[Round "06"]
[TimeControl "180+1"]
[Date "2022.05.10"]
[WhiteClock "0:00:08"]
[BlackClock "0:00:11"]

1. Nf3 d5 2. g3 Nf6 3. Bg2 e6 4. O-O Be7 5. d4 O-O 6. c4 dxc4 7. Qc2 a6 8. a4 Bd7 9. Qxc4 Bc6 10. Bf4 Bd6 11. Bg5 Nbd7 12. Nc3 h6 13. Bxf6 Nxf6 14. Rfe1 Bd5 15. Qd3 Bxf3 16. Bxf3 c6 17. Qc4 a5 18. Qb3 Qe7 19. Bg2 Bb4 20. Red1 Rad8 21. e3 Rd7 22. Na2 Bd6 23. Qc3 Ra8 24. Rac1 e5 25. d5 cxd5 26. Bxd5 e4 27. Bc4 Ng4 28. Kg2 Ne5 29. Be2 f5 30. Rd5 Rc7 31. Qb3 Kh7 32. Rcd1 Bb4 33. Rb5 Rac8 34. Rdd5 Rc5 35. Nxb4 axb4 36. Qxb4 b6 37. Rxb6 Nf3 38. Rxc5 Rxc5 39. Rb5 Rc7 40. Qxe7 Rxe7 41. Bxf3 exf3+ 42. Kxf3 Ra7 43. a5 Kg6 44. b4 Kg5 45. g4 g6 46. gxf5 gxf5 47. Rb6 h5 48. a6 Kh4 49. b5 Kh3 50. Rb7 Ra8 51. a7 h4 52. b6 Rg8 53. Rb8 Rg2 54. a8=Q f4 55. Rh8 Rg4 56. Rxh4+ Rxh4 57. Qc8+ Kxh2 58. exf4 Kg1 59. b7 Rh3+ 60. Kg4 Kg2 61. b8=Q Rd3 62. Qbb7+ Kg1 63. Qc1+ Kh2 64. Qch1# 1-0


[Site "https://www.chess.com"]

[Event "Titled Tuesday Blitz May 10 Early 2022"]
[White "Nilsen, Tobias Lang"]
[Black "Koziorowicz, Michal"]
[WhiteFideId "1521624"]
[BlackFideId "21809194"]
[WhiteElo "2014"]
[BlackElo "2219"]
[Result "0-1"]
[Round "06"]
[TimeControl "180+1"]
[Date "2022.05.11"]
[WhiteClock "0:00:01"]
[BlackClock "0:00:10"]

1. f4 b5 2. Nf3 Bb7 3. e3 a6 4. b3 c5 5. Bb2 e6 6. Be2 Nf6 7. O-O Be7 8. d3 Nc6 9. h3 Qb6 10. e4 d5 11. Nbd2 O-O-O 12. Qe1 dxe4 13. dxe4 Nd4 14. Nxd4 cxd4 15. Bd3 Bb4 16. Rd1 Qa5 17. a3 Bc3 18. Bxc3 Qxc3 19. Nf3 Qxe1 20. Rfxe1 Nh5 21. Ng5 Rd7 22. f5 e5 23. a4 h6 24. Nf3 f6 25. axb5 axb5 26. Bxb5 Rc7 27. Bd3 Nf4 28. Nd2 Rc3 29. Nc4 Kc7 30. Rd2 Ra8 31. Bf1 Ra2 32. g3 Rxg3+ 33. Kf2 Rc3 34. Rc1 Bxe4 35. h4 Bxf5 36. b4 Bd3 37. Na5 Bxf1 38. Kxf1 Nd5 39. Rd3 Rcxc2 40. Rxc2+ Rxc2 41. Rg3 g5 42. hxg5 hxg5 43. Rh3 Nxb4 44. Rh7+ Kb6 45. Nb3 Rc3 46. Nd2 Nd5 47. Ne4 Re3 48. Nd6 Kc6 49. Nc4 Kc5 50. Nxe3 Nxe3+ 51. Ke2 Nd5 52. Kd3 f5 53. Rg7 e4+ 54. Kd2 g4 55. Rg5 d3 56. Rxf5 Kd4 57. Rg5 e3+ 58. Kc1 d2+ 59. Kc2 Nb4+ 60. Kd1 Nd3 61. Rxg4+ Kc3 62. Rg1 Nb2+ 63. Ke2 d1=Q+ 64. Rxd1 Nxd1 65. Kxd1 Kd3 66. Ke1 e2 0-1


[Site "https://www.chess.com"]

[Event "Titled Tuesday Blitz May 10 Early 2022"]
[White "Onslow, Alfie"]
[Black "Markelova, Lubov"]
[WhiteFideId "436976"]
[BlackFideId "24131369"]
[WhiteElo "1885"]
[BlackElo "1863"]
[Result "0-1"]
[Round "06"]
[TimeControl "180+1"]
[Date "2022.05.11"]
[WhiteClock "0:00:03"]
[BlackClock "0:00:08"]

1. e4 c5 2. Nc3 g6 3. d4 cxd4 4. Qxd4 Nf6 5. e5 Nc6 6. Qf4 Nh5 7. Qe3 d5 8. exd6 Qxd6 9. Nf3 Bg7 10. Bc4 O-O 11. O-O Ne5 12. Nxe5 Qxe5 13. Qxe5 Bxe5 14. Nd5 Bd6 15. Bg5 Be6 16. Rfe1 Rfc8 17. Bxe7 Rxc4 18. Bxd6 Bxd5 19. c3 Rc6 20. Be7 Re6 21. Rxe6 Bxe6 22. g3 Re8 23. Bc5 b6 24. Be3 Rd8 25. Kg2 Ng7 26. a4 Nf5 27. Bg5 Rd3 28. a5 Bd5+ 29. Kh3 h6 30. Bf6 b5 31. Re1 Be6 32. Kg2 Kh7 33. Re5 a6 34. Rc5 g5 35. Rc6 Kg6 36. Rxa6 Kxf6 37. Rb6 Ke5 38. Rxb5+ Bd5+ 39. Kh3 g4+ 40. Kxg4 Nd6 41. Rb6 Bf3+ 42. Kh3 h5 43. a6 Rd5 44. a7 Ra5 45. c4 Rxa7 46. c5 Ne4 47. b4 Re7 48. c6 Nxf2+ 49. Kh4 Rc7 50. Rb5+ Bd5 51. Ra5 Rxc6 52. b5 Rb6 53. Ra2 Ng4 54. Re2+ Kf5 55. Kxh5 Ne5 56. h3 Rxb5 57. g4+ Ke6 58. Kg5 Rb8 59. Kf4 f6 60. g5 Rf8 61. g6 Rg8 62. h4 Rxg6 63. h5 Rg4+ 64. Ke3 Re4+ 65. Kf2 Rxe2+ 66. Kxe2 Kf5 67. h6 Kg6 68. h7 Kxh7 0-1


[Site "https://www.chess.com"]

[Event "Titled Tuesday Blitz May 10 Early 2022"]
[White "Oparin, Grigoriy"]
[Black "Zhao, Jun"]
[WhiteFideId "24125890"]
[BlackFideId "8602522"]
[WhiteElo "2665"]
[BlackElo "2547"]
[Result "1-0"]
[Round "06"]
[TimeControl "180+1"]
[Date "2022.05.10"]
[WhiteClock "0:00:37"]
[BlackClock "0:00:12"]

1. d4 Nf6 2. c4 e6 3. Nf3 d5 4. g3 Bb4+ 5. Bd2 Be7 6. Bg2 O-O 7. O-O Nbd7 8. Bc3 b6 9. cxd5 exd5 10. Nbd2 Bb7 11. Rc1 c5 12. dxc5 bxc5 13. e3 Re8 14. Qc2 Qb6 15. Rfd1 a5 16. Qf5 g6 17. Qc2 Bf8 18. b3 Rac8 19. Qb2 a4 20. Bh3 Ra8 21. Bg2 axb3 22. axb3 h6 23. Rb1 Ba6 24. b4 cxb4 25. Bxb4 Rab8 26. Bc3 Qxb2 27. Rxb2 Rxb2 28. Bxb2 Rb8 29. Bd4 Ne4 30. Ra1 Bb7 31. h4 Ra8 32. Rb1 Bc6 33. Rc1 Bb5 34. h5 g5 35. Nxe4 dxe4 36. Nd2 f5 37. g4 Ra2 38. Nc4 Bxc4 39. Rxc4 Ra1+ 40. Bxa1 1-0


[Site "https://www.chess.com"]

[Event "Titled Tuesday Blitz May 10 Early 2022"]
[White "Panesar Vedant"]
[Black "Levitskiy, Andrey"]
[WhiteFideId "35033018"]
[BlackFideId "14132885"]
[WhiteElo "1975"]
[BlackElo "2301"]
[Result "1-0"]
[Round "06"]
[TimeControl "180+1"]
[Date "2022.05.11"]
[WhiteClock "0:01:24"]
[BlackClock "0:00:04"]

1. Nf3 c5 2. c3 e6 3. d4 Nf6 4. Bf4 d5 5. e3 Bd6 6. Nbd2 O-O 7. Bd3 b6 8. Ne5 Bb7 9. Qf3 Nc6 10. Qh3 Ne7 11. Ng4 Ng6 12. Nxf6+ gxf6 13. Bh6 Re8 14. O-O cxd4 15. exd4 e5 16. Bf5 Bc8 17. Rfe1 e4 18. f3 exf3 19. Nxf3 Bxf5 20. Qxf5 1-0


[Site "https://www.chess.com"]

[Event "Titled Tuesday Blitz May 10 Early 2022"]
[White "Perez Gormaz, Matias"]
[Black "Sanchez, Robert"]
[WhiteFideId "3406342"]
[BlackFideId "2034360"]
[WhiteElo "2341"]
[BlackElo "2168"]
[Result "0-1"]
[Round "06"]
[TimeControl "180+1"]
[Date "2022.05.11"]
[WhiteClock "0:00:02"]
[BlackClock "0:00:12"]

1. d4 d5 2. c3 Nf6 3. Bf4 c6 4. e3 e6 5. Nf3 Be7 6. Nbd2 O-O 7. Bd3 Nbd7 8. h4 Nh5 9. Bh2 f5 10. Ng5 Ndf6 11. f3 Bd6 12. Be5 h6 13. Nh3 Bxe5 14. dxe5 Nd7 15. f4 Ng3 16. Rh2 Qxh4 17. Nf3 Qe7 18. Nf2 Nc5 19. Bc2 Nge4 20. Qe2 a5 21. Nh4 Qf7 22. Nf3 Qg6 23. Nh1 b5 24. Nd4 Bd7 25. Qh5 Qxh5 26. Rxh5 b4 27. c4 dxc4 28. Nf2 Nxf2 29. Kxf2 a4 30. Rhh1 b3 31. Bd1 Nd3+ 32. Kg3 Nxb2 33. Be2 Nd3 34. Bxd3 cxd3 35. axb3 c5 36. Nf3 axb3 37. Rac1 b2 38. Rb1 Rfb8 39. Nd2 Ba4 40. Kf2 Bc2 41. Nc4 Ra2 0-1


[Site "https://www.chess.com"]

[Event "Titled Tuesday Blitz May 10 Early 2022"]
[White "Petrova, Irina"]
[Black "Cagara, Paulina"]
[WhiteFideId "14124122"]
[BlackFideId "1124870"]
[WhiteElo "1993"]
[BlackElo "1800"]
[Result "1-0"]
[Round "06"]
[TimeControl "180+1"]
[Date "2022.05.11"]
[WhiteClock "0:01:34"]
[BlackClock "0:01:52"]

1. e4 c6 2. d4 d5 3. e5 c5 4. dxc5 e6 5. a3 Bxc5 6. Qg4 Bf8 7. b4 Nc6 8. Bb2 Nh6 9. Qd1 Qg5 10. Nf3 Qh5 11. Nbd2 Ng4 12. Be2 Qf5 13. O-O h5 14. Bd3 Qf4 15. Re1 a6 16. h3 Nh6 17. g3 1-0


[Site "https://www.chess.com"]

[Event "Titled Tuesday Blitz May 10 Early 2022"]
[White "Piesik, Piotr"]
[Black "Kozak, Adam"]
[WhiteFideId "1136194"]
[BlackFideId "753246"]
[WhiteElo "2190"]
[BlackElo "2459"]
[Result "0-1"]
[Round "06"]
[TimeControl "180+1"]
[Date "2022.05.10"]
[WhiteClock "0:00:41"]
[BlackClock "0:01:37"]

1. Nf3 c5 2. e4 a6 3. c4 e6 4. Nc3 Nf6 5. d4 cxd4 6. Nxd4 Bb4 7. Qd3 d6 8. f3 O-O 9. Be2 Nc6 10. Nc2 Bc5 11. Be3 Qb6 12. O-O-O Nb4 13. Nxb4 Bxe3+ 14. Kb1 Bc5 15. Nc2 Bd7 16. g4 Bc6 17. g5 Nd7 18. f4 a5 19. h4 a4 20. h5 Rfd8 21. g6 fxg6 22. hxg6 h6 23. Bg4 Nf8 24. Qh3 Re8 25. Rhf1 Bb4 26. Nxb4 Qxb4 27. Qd3 a3 28. b3 Rad8 29. f5 exf5 30. exf5 Nd7 31. Nd5 Bxd5 32. Qxd5+ Kh8 33. f6 Qc3 34. fxg7+ Qxg7 35. Rd2 Nc5 36. Bd1 Rf8 37. Rf7 Qxg6+ 38. Bc2 Qxf7 0-1


[Site "https://www.chess.com"]

[Event "Titled Tuesday Blitz May 10 Early 2022"]
[White "Plotnikov, Pavel"]
[Black "Zaksaite, Salomeja"]
[WhiteFideId "4170342"]
[BlackFideId "12801496"]
[WhiteElo "2298"]
[BlackElo "1953"]
[Result "1-0"]
[Round "06"]
[TimeControl "180+1"]
[Date "2022.05.11"]
[WhiteClock "0:02:29"]
[BlackClock "0:00:34"]

1. e4 c5 2. Nf3 e6 3. d4 cxd4 4. Nxd4 Nf6 5. Nc3 Nc6 6. Nxc6 bxc6 7. e5 Nd5 8. Ne4 Qc7 9. f4 Qb6 10. c4 Bb4+ 11. Ke2 f5 12. Nf2 Ne7 13. Nd3 Qb8 14. Qa4 c5 15. a3 1-0


[Site "https://www.chess.com"]

[Event "Titled Tuesday Blitz May 10 Early 2022"]
[White "Polster, Christian"]
[Black "Heinemann, Josefine"]
[WhiteFideId "12965081"]
[BlackFideId "12900460"]
[WhiteElo "2286"]
[BlackElo "2300"]
[Result "0-1"]
[Round "06"]
[TimeControl "180+1"]
[Date "2022.05.11"]
[WhiteClock "0:00:06"]
[BlackClock "0:00:09"]

1. e4 c5 2. Nc3 d6 3. Nge2 Nf6 4. d4 cxd4 5. Nxd4 a6 6. g3 e5 7. Nde2 Be7 8. Bg2 O-O 9. a4 Be6 10. O-O Nc6 11. Nd5 Bxd5 12. exd5 Nb8 13. a5 Nbd7 14. h3 Rc8 15. Be3 Qc7 16. c3 Nc5 17. Qc2 Qb8 18. b4 Ncd7 19. Qb3 Ne8 20. Rfc1 f5 21. f4 Nef6 22. c4 Ne4 23. c5 Rf7 24. c6 Ndf6 25. b5 axb5 26. Qxb5 bxc6 27. Qxb8 Rxb8 28. dxc6 Nd5 29. c7 Rc8 30. Bb6 Bf6 31. Rab1 Rff8 32. a6 Rfe8 33. a7 Nd2 34. Rb2 Nxb6 35. Rxb6 e4 36. Rb8 Nf3+ 37. Bxf3 exf3 38. Nd4 Bxd4+ 39. Kf1 Bxa7 40. Rxc8 Rxc8 41. Ke1 Bc5 42. Kf1 Rxc7 43. g4 fxg4 44. hxg4 Ra7 45. f5 Ra2 46. g5 Rh2 47. Ke1 Rh1+ 48. Kd2 Rxc1 49. Kxc1 f2 50. f6 f1=Q+ 51. Kc2 Qe2+ 52. Kc3 gxf6 53. gxf6 Kf7 0-1


[Site "https://www.chess.com"]

[Event "Titled Tuesday Blitz May 10 Early 2022"]
[White "Prieto Aranguren, Alain"]
[Black "Keymer, Vincent"]
[WhiteFideId "2268906"]
[BlackFideId "12940690"]
[WhiteElo "2235"]
[BlackElo "2548"]
[Result "0-1"]
[Round "06"]
[TimeControl "180+1"]
[Date "2022.05.11"]
[WhiteClock "0:00:05"]
[BlackClock "0:01:04"]

1. e4 c6 2. d4 d5 3. exd5 cxd5 4. Bd3 Nf6 5. Nf3 Bg4 6. O-O Qc7 7. c3 e6 8. Bg5 Bd6 9. Qa4+ Nc6 10. Nbd2 Nd7 11. Rfe1 O-O 12. Bh4 a6 13. Bg3 Rac8 14. Bxd6 Qxd6 15. Qd1 h6 16. Qe2 Rfe8 17. Qf1 Re7 18. h3 Bh5 19. Rac1 Rce8 20. Kh1 e5 21. dxe5 Ndxe5 22. Nxe5 Nxe5 23. Bb1 Qf6 24. Nb3 Nc4 25. Rxe7 Rxe7 26. Qd3 Bg6 27. Qxd5 Nxb2 28. Bxg6 Re5 29. Bxf7+ Kf8 30. Qxb7 Qxf7 31. Qxf7+ Kxf7 32. Nd4 a5 33. Kg1 a4 34. Kf1 Nd3 35. Rd1 Nf4 36. Rb1 Rc5 37. g3 Nxh3 38. Rb4 Rxc3 39. Rxa4 Ng5 40. Kg2 Rc7 41. Nf5 Kf6 42. Nd6 Ke6 43. Ne4 Nf7 44. Ra6+ Ke7 45. a4 Ne5 46. a5 Rc4 47. Nd2 Rc2 48. Nb3 Nd3 49. Kf3 Rc3 50. Ke4 Rxb3 51. Ra7+ Kf6 52. a6 Ra3 53. Ra8 Nc5+ 54. Kd5 Rxa6 55. Rf8+ Ke7 56. Rg8 Ne6 57. f4 Ra5+ 58. Ke4 Kf7 59. Rb8 h5 60. f5 Nc5+ 61. Kf4 Ra4+ 62. Kg5 Ne4+ 63. Kxh5 Nf6+ 0-1


[Site "https://www.chess.com"]